 Dungeon Crawl Stone Soup version 0.19.5 (webtiles) character file.

6 tidbits the Grave Robber (level 1, -1/13 HPs)
             Began as a High Elf Necromancer on July 17, 2017.
             Was an Initiate of Gozag.
             Slain by a kobold (2 damage)
             ... on level 2 of the Dungeon.
             The game lasted 00:05:59 (296 turns).

tidbits the Grave Robber (High Elf Necromancer)      Turns: 296, Time: 00:06:00

Health: -1/13      AC:  2    Str:  7    XL:     1   Next: 75%
Magic:  4/4        EV: 18    Int: 18    God:    Gozag
Gold:   6          SH:  0    Dex: 20    Spells: 1 memorised, 3 levels left

rFire  + . .     SeeInvis .     a - +0 dagger
rCold  + . .     Gourm    .     e - +0 robe
rNeg   . . .     Faith    .     (no shield)
rPois  +         Spirit   .     (no helmet)
rElec  +         Reflect  .     (no cloak)
rCorr  +         Harm     .     (no gloves)
MR     .....                    (no boots)
Stlth  +++.......               (no amulet)
                                (no ring)
                                (no ring)

@: agile, resistant, very slightly contaminated, invisible
A: no striking features
a: Potion Petition, Call Merchant, Bribe Branch, Renounce Religion


You were on level 2 of the Dungeon.
You worshipped Gozag.
Gozag was noncommittal.
You were not hungry.

You visited 1 branch of the dungeon, and saw 2 of its levels.

You collected 40 gold pieces.
You paid 34 gold pieces to Gozag.

Inventory:

Hand Weapons
 a - a +0 dagger (weapon)
   (You took it off a goblin on level 2 of the Dungeon)
 b - a +0 hunting sling
   (You found it on level 2 of the Dungeon)
 i - a +0 club
   (You found it on level 2 of the Dungeon)
Missiles
 g - 58 stones (quivered)
 k - 23 poisoned needles
Armour
 e - a +0 robe (worn)
Scrolls
 h - a scroll of identify {unknown}
 j - a scroll of enchant weapon {unknown}
Books
 f - a book of Necromancy

   Spells                             Type                      Level
   a - Pain                           Necromancy                   1
   b - Animate Skeleton               Necromancy                   1
   c - Vampiric Draining              Necromancy                   3
   d - Regeneration                   Charms/Necromancy            3
   e - Animate Dead                   Necromancy                   4
   f - Control Undead                 Necromancy                   4
Comestibles
 c - a bread ration


   Skills:
 + Level 1.4 Fighting
 - Level 2.1 Dodging
 - Level 2.1 Stealth
 - Level 2.4 Spellcasting
 - Level 3.2 Necromancy


You had 3 spell levels left.
You knew the following spells:

 Your Spells              Type           Power        Failure   Level  Hunger
z - Pain                  Necr           ##..         6%          1    #......


Dungeon Overview and Level Annotations

Branches:
Dungeon (2/15)

Altars:
Gozag
Zin

Annotations:
D:2 Ijyb


Message History

Aim: a rat (severely wounded, chance to defeat MR: 83%)
The rat writhes in agony!
You kill the rat!
There is an open door here.
You see here 13 stones.
g - 62 stones (gained 13) Throwing (i - inventory):
g - 62 stones (quivered)
Press: ? - help, Shift-Dir - straight line, f - goblin
Aim: a goblin (hasn't noticed you)
You throw a stone. The goblin shouts!
The stone hits the goblin but does no damage.
Throwing (i - inventory):
g - 61 stones (quivered)
Press: ? - help, Shift-Dir - straight line, f/p - goblin
Aim: a goblin You throw a stone.
The stone hits the goblin but does no damage.
Throwing (i - inventory):
g - 60 stones (quivered)
Press: ? - help, Shift-Dir - straight line, f/p - goblin
Aim: a goblin You throw a stone.
The stone closely misses the goblin.
Throwing (i - inventory):
g - 59 stones (quivered)
Press: ? - help, Shift-Dir - straight line, f/p - goblin
Aim: a goblin You throw a stone.
The stone hits the goblin.
The goblin is moderately wounded.
Casting: Pain
Confirm with . or Enter, or press ? or * to list all spells.
Aiming: Pain
Press: ? - help, Shift-Dir - straight line, f/p - goblin
Aim: a goblin (moderately wounded, chance to defeat MR: 83%)
The goblin writhes in agony!
You kill the goblin!
There is an open door here.
You close the door.
There is an opulent altar of Gozag here.
You kneel at the altar of Gozag.
Gozag welcomes you!
You pay a service fee of 34 gold.
Gozag offers you a free set of potion effects!
Okay, then.
As you open the door, it creaks loudly!
Ijyb the Twisted Goblin comes into view.
She is wielding a club.
The kobold shouts!
Wield which item (- for none, * to show all)? (? for menu, Esc to quit)
Okay, then.
Unknown command.
You close the door.
Okay, then.
A kobold opens the door. [a] - 0 gold - heal wounds, curing and berserk rage [b] - 0 gold - heal wounds and curing [c] - 0 gold - resistance, invisibility and agility Purchase which effect?
You feel protected.
You fade into invisibility!
You feel agile all of a sudden.
You are very lightly contaminated with residual magic.
You hit the kobold but do no damage.
Casting: Pain
Confirm with . or Enter, or press ? or * to list all spells.
Aiming: Pain
Press: ? - help, Shift-Dir - straight line, f - Ijyb
Aim: Ijyb, wielding a club (hasn't noticed you, chance to defeat MR: 77%) Ijyb writhes in agony!
The kobold completely misses you. Ijyb closely misses you.
Casting: Pain
Confirm with . or Enter, or press ? or * to list all spells.
Aiming: Pain
Press: ? - help, Shift-Dir - straight line, f/p - Ijyb
Aim: Ijyb, wielding a club (moderately wounded, chance to defeat MR: 77%) Ijyb writhes in agony!
The kobold closely misses you. Ijyb closely misses you.
Unknown command.
Casting: Pain
Confirm with . or Enter, or press ? or * to list all spells.
Aiming: Pain
Press: ? - help, Shift-Dir - straight line, f/p - Ijyb
Aim: Ijyb, wielding a club (moderately wounded, chance to defeat MR: 77%) Ijyb writhes in agony!
Ijyb hits you with a club.
* * * LOW HITPOINT WARNING * * *
Unknown command.
It was a potion of magic.
Magic courses through your body. The kobold hits you.
* * * LOW HITPOINT WARNING * * *
Ijyb barely misses you.
Unknown command.
You closely miss Ijyb.
Ijyb is moderately wounded.
The kobold misses you.
You hit Ijyb but do no damage.
Ijyb is moderately wounded.
Ijyb closely misses you. The kobold misses you.
You closely miss Ijyb.
Ijyb is moderately wounded.
Ijyb completely misses you.
You hit Ijyb.
Ijyb is heavily wounded.
The kobold completely misses you.
As you close the door, it creaks loudly!
You hear a shout!
The kobold hits you.
You die...
Your body crumbles into a pile of gold.

$ .# #.## ##### ...#
#.#...#####...##
#.#._..##....(K.
#.#...K##..((...
#.#...@+g.......
#.#....#..#...## .K.
#.#._..##.# .# ...
###.#...###.# #####.. #
##...##### #.#####.......#
##.###..#####.......###.#.#
#.♣♣♣♣♣♣##.................
#...................###..#
#.♣♣♣♣♣♣..........>.##...#


You could see a kobold.

Vanquished Creatures
  A leopard gecko (D:2)
  2 goblins (D:2)
  2 rats
5 creatures vanquished.

Notes
Turn   | Place    | Note
-------+----------+-------------------------------------------
     0 | D:1      | tidbits the High Elf Necromancer began the quest for the Orb.
     0 | D:1      | Reached XP level 1. HP: 11/11 MP: 4/4
   165 | D:2      | Reached skill level 1 in Fighting
   245 | D:2      | Found an opulent altar of Gozag.
   246 | D:2      | Found a glowing silver altar of Zin.
   279 | D:2      | Became a worshipper of Gozag Ym Sagoz the Greedy
   282 | D:2      | Noticed Ijyb
   291 | D:2      | HP: 1/13 [kobold (1)]
   296 | D:2      | Slain by a kobold

Skill      XL: |  1 |
---------------+----+-----
Fighting       | 1 |  1.4
Dodging        | |  2.1
Stealth        | |  2.1
Spellcasting   | |  2.4
Necromancy     | |  3.2

Action                   || total
-------------------------++-------
Melee: Dagger            ||     5
 Fire: Hunting sling     ||     3
Throw: Stone             ||     4
 Cast: Pain              ||    10
Invok: Potion Petition   ||     1
  Use: Potion            ||     1
Dodge: Dodged            ||    11

Table legend:
 A = Turns spent in this place as a percentage of turns spent in the entire game.
 B = Non-inter-level travel turns spent in this place as a percentage of non-inter-level travel turns spent in the entire game.
 C = Inter-level travel turns spent in this place as a percentage of turns spent in this place.
 D = Turns resting spent in this place as a percentage of non-inter-level travel turns spent in this place.
 E = Turns spent auto-exploring this place as a percentage of non-inter-level travel turns spent in this place.
 F = Non-inter-level travel turns spent in this place divided by the number of levels of this place that you've seen.
                   A       B       C       D       E      F
               +-------+-------+-------+-------+-------+----------------------
         Total | 100.0 | 100.0 |   0.0 |   0.0 |   0.0 | 120.5
       Dungeon | 100.0 | 100.0 |   0.0 |   0.0 |   0.0 | 120.5
               +-------+-------+-------+-------+-------+----------------------

Table legend:
 A = Kills in this place as a percentage of kills in entire the game.
 B = Kills by you in this place as a percentage of kills by you in the entire game.
 C = Kills by friends in this place as a percentage of kills by friends in the entire game.
 D = Other kills in this place as a percentage of other kills in the entire game.
 E = Experience gained in this place as a percentage of experience gained in the entire game.
 F = Experience gained in this place divided by the number of levels of this place that you have seen.
                   A       B       C       D       E      F
               +-------+-------+-------+-------+-------+----------------------
         Total | 100.0 | 100.0 |  -nan |  -nan | 100.0 |   4.5
       Dungeon | 100.0 | 100.0 |  -nan |  -nan | 100.0 |   4.5
               +-------+-------+-------+-------+-------+----------------------

Vault maps used:
D:1:      wheals_arrival_linesprint
D:2:      grunt_temple_overflow_gold_and_silver, serial_forest,
          infiniplex_forest_clump_long, infiniplex_forest_diagonal,
          infiniplex_forest_split, infiniplex_forest_side_room,
          infiniplex_forest_zigzag_2, infiniplex_forest_straight_2,
          infiniplex_forest_clump_small, uniq_iyjb
